 Dungeon Crawl Stone Soup version 0.28-a0-533-g9f97627e2a (webtiles) character file.

Game seed: 7736307280107701546

8738 HoaS the Cruncher (level 11, -3/68 HPs)
             Began as a Gargoyle Gladiator on Sept 22, 2021.
             Was a Priest of Okawaru.
             Killed by divine providence
             ... invoked by an orc priest
              (13 damage)
             ... on level 1 of the Orcish Mines on Sept 25, 2021.
             The game lasted 00:26:47 (11447 turns).

HoaS the Cruncher (Gargoyle Gladiator)             Turns: 11447, Time: 00:26:47

Health: -3/68      AC: 27    Str: 20    XL:     11   Next: 35%
Magic:  13/13      EV:  7    Int:  9    God:    Okawaru [***...]
Gold:   1202       SH:  0    Dex: 12    Spells: 10/10 levels left

rFire   . . .      SeeInvis .   w - +0 quarterstaff
rCold   + . .      Faith    .   (shield currently unavailable)
rNeg    + + .      Spirit   .   h - +0 plate armour
rPois   ∞          Reflect  .   c - +0 helmet
rElec   +          Harm     .   b - +2 cloak
rCorr   .          Rampage  .   a - +0 pair of gloves
Will    .....                   f - +0 pair of boots
Stlth   ..........              n - amulet of the acrobat
HPRegen 0.21/turn               e - ring of protection from cold
MPRegen 0.13/turn               u - ring of positive energy

@: hasted (expiring), very quick
A: sickness immunity, AC +8, negative energy resistance 1, electricity
resistance, torment resistance 1, petrification resistance
a: Renounce Religion, Heroism


You were on level 1 of the Orcish Mines.
You worshipped Okawaru.
Okawaru was most pleased with you.
You visited 3 branches of the dungeon, and saw 12 of its levels.

You collected 1742 gold pieces.
You spent 540 gold pieces at shops.

Inventory:

Hand Weapons
 q - a +0 shortbow
 w - a +0 quarterstaff (weapon)
Missiles
 g - 115 arrows
 p - 71 bolts
Armour
 a - a +0 pair of gloves (worn)
 b - a +2 cloak (worn)
 c - a +0 helmet (worn)
 f - a +0 pair of boots (worn)
 h - a +0 plate armour (worn)
Jewellery
 e - a ring of protection from cold (left hand)
 n - an amulet of the acrobat (around neck)
 u - a ring of positive energy (right hand)
Wands
 d - a wand of acid (20)
 t - a wand of flame (56)
 x - a wand of polymorph (8)
Scrolls
 j - 5 scrolls of identify
 r - a scroll of noise {unknown}
 y - a scroll of teleportation
Potions
 i - a potion of resistance
 k - a potion of lignification
 l - a potion of ambrosia
 m - 6 potions of curing
 o - 2 potions of heal wounds
 s - a potion of attraction
 v - 5 potions of flight
 z - a potion of haste


   Skills:
 * Level 8.0 Fighting
 - Level 14.0 Staves
 - Level 2.0 Bows
 - Level 1.7 Throwing
 + Level 5.3 Armour
 + Level 4.7 Dodging
 - Level 3.0 Invocations


You had 10 spell levels left.
You didn't know any spells.
Your spell library contained the following spells:

 Spells                   Type           Power      Damage    Failure   Level
 Passwall                 Tmut/Erth      0%         N/A       100%        2
 Swiftness                Air            0%         N/A       100%        3
 Invisibility             Hex            0%         N/A       100%        6


Dungeon Overview and Level Annotations

Branches:
Dungeon (10/15)            Temple (1/1) D:7             Orc (1/2) D:9
   Lair: D:8-11

Altars:
Ashenzari
Cheibriados
Dithmenos
Elyvilon
Fedhas
Gozag
Hepliaklqana
Kikubaaqudgha
Makhleb
Nemelex Xobeh
Okawaru
Qazlal
Ru
Sif Muna
Trog
Uskayaw
Vehumet
Wu Jian
Xom
Yredelemnul
Zin
The Shining One

Shops:
D:10 !

Annotations:
D:7 2 transporters, sn0wgr3's ghost, novice MiFi


Innate Abilities, Weirdness & Mutations

You are immune to sickness and miasma.
Your stone body is resilient. (AC +8)
You are immune to poison.
You resist negative energy. (rN+)
You are resistant to electric shocks. (rElec)
You are resistant to unholy torment.
You are immune to petrification.


Message History

Okawaru accepts your kill.
No target in view!
Things that are here:
a +0 dagger; a +0 leather armour; an orc corpse An orc priest comes into view.
It is wielding a +0 club.
The orc priest shouts!
You hear a shout! x2
An orc comes into view. It is wielding a +0 club.
An orc comes into view. It is wielding a +0 short sword.
The orc shouts!
You hear a shout! x2
An orc priest comes into view. It is wielding a +0 club.
The orc priest looks braver for a moment. 2 orcs come into view.
Found a stone staircase leading down.
The orc shouts!
You hear a shout!
The orc priest mumbles some strange prayers to Beogh against you.
Beogh smites you!
You are too injured to fight recklessly!
You are too injured to fight recklessly!
There is a staircase back to the Dungeon here.
The orc hits you but does no damage.
The orc priest calls down the wrath of Beogh upon you.
Beogh smites you!
You are too injured to fight recklessly!
You are too injured to fight recklessly!
You are too injured to fight recklessly!
You are too injured to fight recklessly!
Your plate armour prevents you from hitting the orc.
Your extra speed is starting to run out.
You barely miss the orc.
The orc priest mumbles some strange prayers to Beogh against you.
Beogh smites you!
* * * LOW HITPOINT WARNING * * *
The orc closely misses you.
You hit the orc.
The orc is heavily wounded.
The orc priest begins to cast a cantrip, but forgets the words!
The orc barely misses you.
The orc priest invokes the aid of Beogh against you.
Beogh smites you!
You die...

#.## ....##
........#####
.#.........#.##
...#...........#
.........#...#..##
........##.....o@#
.............o.o##
.............o.)#
.o....o......o..##
............o....#
...........##.#.##
...o........#.###
..#......#......#
##........#....#


You could see 2 orc priests and 4 orcs.

Vanquished Creatures
  2 two-headed ogres (D:9)
  An orc high priest (D:9)
  An orc sorcerer (D:9)
  A cyclops (D:8)
  A centaur zombie (D:10)
  A troll (D:10)
  A hornet (D:10)
  Sigmund (D:3)
  A vampire (D:10)
  2 wraiths
  5 yaks (D:10)
  An ice beast (D:5)
  2 sky beasts
  A hornet zombie (D:7)
  5 orc warriors
  4 necrophages
  2 ogres
  4 phantoms
  3 centaurs
  2 kobold brigands
  A bullfrog (D:9)
  A gnoll sergeant (D:5)
  6 scorpions
  A water moccasin skeleton (D:5)
  2 howler monkeys (D:8)
  3 wights (D:8)
  6 electric eels (D:9)
  2 jellies
  A hound (D:4)
  A bullfrog skeleton (D:5)
  7 orc priests
  2 gnoll shamans (D:7)
  Jessica (D:2)
  2 iguanas (D:6)
  Terence (D:2)
  8 orc wizards
  Natasha (D:2)
  3 howler monkey zombies
  2 howler monkey skeletons (D:7)
  24 gnolls
  7 adders
  2 worms (D:2)
  2 dart slugs (D:3)
  47 orcs
  4 bats
  8 endoplasms
  2 giant cockroaches (D:2)
  10 hobgoblins
  19 kobolds
  A quokka (D:3)
  8 ball pythons
  3 frilled lizards
  8 goblins
  2 rats (D:3)
239 creatures vanquished.

Vanquished Creatures (others)
  A plant (D:3)
1 creature vanquished.

Grand Total: 240 creatures vanquished

Notes
Turn   | Place    | Note
-------+----------+-------------------------------------------
     0 | D:1      | HoaS the Gargoyle Gladiator began the quest for the Orb.
     0 | D:1      | Reached XP level 1. HP: 12/12 MP: 1/1
    27 | D:1      | Found a faded altar of an unknown god.
   256 | D:1      | Reached XP level 2. HP: 14/17 MP: 2/2
   858 | D:2      | Reached skill level 4 in Staves
   862 | D:2      | Identified a scroll of acquirement
   862 | D:2      | Acquired 534 gold pieces
   893 | D:2      | Reached XP level 3. HP: 20/21 MP: 3/3
  1180 | D:1      | Reached XP level 4. HP: 20/26 MP: 4/4
  1305 | D:2      | Noticed a scorpion
  1320 | D:2      | Killed a scorpion
  1321 | D:2      | Reached skill level 5 in Staves
  1321 | D:2      | Reached XP level 5. HP: 25/30 MP: 5/5
  1451 | D:2      | Noticed Natasha
  1464 | D:2      | Killed Natasha
  1465 | D:2      | Reached skill level 6 in Staves
  1535 | D:2      | Noticed Terence
  1538 | D:2      | Noticed Jessica
  1550 | D:2      | Killed Terence
  1558 | D:2      | Killed Jessica
  1559 | D:2      | Reached XP level 6. HP: 26/35 MP: 6/6
  1869 | D:3      | Noticed Sigmund
  1935 | D:3      | Noticed a sky beast
  1944 | D:3      | Killed a sky beast
  1945 | D:3      | Reached skill level 7 in Staves
  1953 | D:3      | Noticed a necrophage
  2003 | D:2      | Killed a necrophage
  2052 | D:2      | Reached XP level 7. HP: 40/40 MP: 7/7
  2200 | D:3      | Killed Sigmund
  2201 | D:3      | Reached skill level 8 in Staves
  2354 | D:3      | You fall into a shaft and drop 2 floors!
  2354 | D:5      | Entered Level 5 of the Dungeon
  2407 | D:5      | Reached skill level 9 in Staves
  2468 | D:3      | Reached XP level 8. HP: 44/44 MP: 8/8
  2626 | D:3      | Found a glowing golden altar of the Shining One.
  3651 | D:5      | Reached skill level 10 in Staves
  3969 | D:5      | Noticed a wraith
  3985 | D:5      | Killed a wraith
  4263 | D:5      | Reached skill level 11 in Staves
  4482 | D:5      | Reached XP level 9. HP: 40/48 MP: 9/9
  4706 | D:5      | Found an ornate altar of the Wu Jian Council.
  5019 | D:6      | Found a hazy altar of Hepliaklqana.
  5023 | D:6      | Found a white marble altar of Elyvilon.
  5025 | D:6      | Upgraded the game from 0.28-a0-514-g0d7ab7f379 to
                  | 0.28-a0-533-g9f97627e2a
  5221 | D:6      | Reached skill level 12 in Staves
  6059 | D:6      | Acquired 626 gold pieces
  6144 | D:7      | Reached skill level 13 in Staves
  6236 | D:7      | You fall into a shaft and drop 2 floors!
  6236 | D:9      | Found a staircase to the Orcish Mines.
  6249 | D:10     | Entered Level 10 of the Dungeon
  6808 | D:9      | Found a burning altar of Makhleb.
  6810 | D:9      | Found a basalt altar of Yredelemnul.
  6812 | D:9      | Found a glowing silver altar of Zin.
  6818 | D:9      | Found a sparkling altar of Nemelex Xobeh.
  6860 | D:8      | Found a hide-covered altar of Uskayaw.
  6860 | D:8      | Found a broken altar of Ashenzari.
  6862 | D:8      | Noticed a cyclops
  6875 | D:8      | Killed a cyclops
  6876 | D:8      | Reached skill level 14 in Staves
  6876 | D:8      | Reached skill level 1 in Armour
  6876 | D:8      | Reached XP level 10. HP: 30/56 MP: 10/10
  7155 | D:7      | Found a transporter.
  7218 | D:7      | Found a staircase to the Ecumenical Temple.
  7438 | D:7      | Noticed a moth of wrath
  7463 | D:7      | Found a transporter.
  7481 | D:7      | Noticed sn0wgr3's ghost (novice MiFi)
  7528 | Temple   | Entered the Ecumenical Temple
  7555 | Temple   | Became a worshipper of Warmaster Okawaru
  7743 | D:7      | Found a radiant altar of Vehumet.
  8138 | D:8      | Identified the +3 leather armour of the Nightingale {Str+4}
  8451 | D:9      | Noticed a two-headed ogre
  8466 | D:9      | Killed a two-headed ogre
  8467 | D:9      | Reached skill level 1 in Bows
  8467 | D:9      | Reached skill level 1 in Invocations
  8518 | D:9      | Noticed a two-headed ogre
  8689 | D:9      | Killed a two-headed ogre
  8690 | D:9      | Reached skill level 5 in Fighting
  9194 | D:9      | Reached * piety under Okawaru
 10019 | D:10     | Reached ** piety under Okawaru
 10025 | D:10     | Reached XP level 11. HP: 45/66 MP: 13/13
 10968 | D:10     | Found Wamm's Distillery.
 10973 | D:10     | Bought a potion of heal wounds for 75 gold pieces
 10973 | D:10     | Bought a potion of haste for 150 gold pieces
 10973 | D:10     | Bought a potion of heal wounds for 75 gold pieces
 10973 | D:10     | Bought 2 potions of curing for 90 gold pieces
 10973 | D:10     | Bought a potion of haste for 150 gold pieces
 11028 | Orc:1    | Entered Level 1 of the Orcish Mines
 11030 | Orc:1    | Noticed an orc high priest
 11037 | Orc:1    | Noticed an orc sorcerer
 11105 | D:9      | Noticed a sixfirhy
 11109 | D:9      | Killed an orc high priest
 11110 | D:9      | Reached skill level 5 in Armour
 11393 | D:9      | Killed an orc sorcerer
 11393 | D:9      | Reached *** piety under Okawaru
 11447 | Orc:1    | Killed from afar by an orc priest

Illustrated notes

Levels and vault maps discovered:
D:1:      lightli_arrival_quake, layout_basic,
          dreamdust_ecumenical_altar_statues, minmay_cut_off
D:2:      minmay_wonky_spiral, layout_loops_ring, minmay_pentomino_v2,
          uniq_natasha, uniq_jessica, uniq_terence
D:3:      corexii_shack_village, layout_basic, tso_altar, uniq_sigmund
D:4:      layout_basic
D:5:      layout_basic, nzn_wu_jian_contemplation
D:6:      layout_cave_pools, jmf_multi_god_temple, corexii_checkpoint_b
D:7:      layout_basic, lemuel_coloured_pillars_altar, minmay_temple_entry_grid,
          lightli_ossuary_entry_decrepit_ruins,
          gammafunk_ghost_berserking_beasts
D:8:      layout_loops_cross, chequers_temple_overflow_statue_of_worship
D:9:      layout_basic, nicolae_overflow_quartered_altars, orc_david_3
D:10:     layout_stronghold, serial_shops, nicolae_stop_n_shop_2, st_stairs_1
Temple:   minmay_freezing_vapour_temple
Orc:1:    layout_caves

Skill      XL: |  1  2  3  4  5  6  7  8  9 10 11 |
---------------+----------------------------------+-----
Staves         | 4 5 6 7 9 11 14 | 14.0
Fighting       | 3 6 8 |  8.0
Armour         | 1 4 5 |  5.3
Dodging        | 4 |  4.7
Bows           | 2 |  2.0
Invocations    | 3 |  3.0
Throwing       | |  1.7

Action                   |  1- 3 |  4- 6 |  7- 9 | 10-12 || total
-------------------------+-------+-------+-------+-------++-------
Melee: Quarterstaff      |    59 |   104 |   557 |   453 ||  1173
Throw: Throwing net      |     2 |     4 |     3 |       ||     9
Evoke: Wand              |       |       |       |     2 ||     2
  Use: Scroll            |     4 |       |    17 |     3 ||    24
       Potion            |       |       |     4 |     3 ||     7
 Stab: Held in net/web   |       |     3 |     1 |       ||     4
       Invisible         |       |       |     1 |       ||     1
Armor: Leather armour    |    12 |    44 |    11 |       ||    67
       Plate armour      |       |       |   244 |   249 ||   493
Dodge: Dodged            |    31 |   114 |   188 |   134 ||   467

Table legend: (Time is in decaauts)
 A = Elapsed time spent in this place.
 B = Non-inter-level travel time spent in this place.
 C = Inter-level travel time spent in this place.
 D = Time resting spent in this place.
 E = Time spent auto-exploring this place.
 F = Levels seen in this place.
 G = Mean time per level.
                   A        B        C        D        E       F      G
               +--------+--------+--------+--------+--------+-----+--------+
         Total |  11139 |  10746 |    393 |   3296 |   5265 |  12 |  928.2 |
       Dungeon |  11069 |  10677 |    392 |   3296 |   5250 |  10 | 1106.9 |
        Temple |     32 |     32 |      0 |      0 |     10 |   1 |   32.0 |
  Orcish Mines |     37 |     37 |      0 |      0 |      5 |   1 |   37.0 |
               +--------+--------+--------+--------+--------+-----+--------+

Top non-repeatable levels by time:
     D:5: 1689 daAuts
     D:9: 1558 daAuts
     D:8: 1411 daAuts
    D:10: 1278 daAuts
     D:1: 1038 daAuts
     D:3: 985 daAuts
     D:2: 964 daAuts
     D:6: 964 daAuts
     D:7: 679 daAuts
     D:4: 500 daAuts
   Orc:1: 37 daAuts
  Temple: 32 daAuts
